 Dungeon Sprint DCSS version 0.14-a0-3295-g3fd807f (webtiles) character file.

15736 BluebellGnoll the Imperceptible (level 11, -16/47 HPs)
             Began as a Spriggan Enchanter on Mar 13, 2014.
             Was the Champion of Sif Muna.
             Demolished by a five-headed hydra (17 damage)
             ... in the Dungeon (Sprint III: "The Ten Rune Challenge").
             The game lasted 00:32:25 (1979 turns).

BluebellGnoll the Imperceptible (SpEn)              Turns: 1979, Time: 00:32:26

HP -16/47        AC  5     Str  4      XL: 11   Next: 55%
MP  16/35        EV 34     Int 21      God: Sif Muna [******]
Gold 3852        SH  0     Dex 16      Spells: 10 memorised,  8 levels left

rFire  + . .     SeeInvis +     a - +1,+0 dagger
rCold  + + .     Clarity  .     m - +2 robe {rC+}
rNeg   . . .     Conserve .     (shield restricted)
rPois  .         rCorr    .     (helmet restricted)
rElec  .         rRot     .     n - +0 cloak
SustAb . .       Spirit   .     (gloves unavailable)
rMut   .         Warding  .     (boots unavailable)
Saprov . . .     NoTele   +     (no amulet)
MR     +....                    E - ring of protection from fire
                                D - ring of protection from cold

@: very slightly contaminated, very quick, somewhat resistant to hostile
enchantments, incredibly stealthy
A: unfitting armour, see invisible, herbivore 3, speed 3, slow metabolism 2
a: Channel Energy, Forget Spell, Renounce Religion


You were in the Dungeon.
You worshipped Sif Muna.
Sif Muna was exalted by your worship.
You were not hungry.

You visited 1 branch You collected 4552 gold pieces.
You spent 700 gold pieces at shops.

Inventory:

Hand weapons
 a - a +1,+0 dagger (weapon)
 b - a +2 blowgun
 A - a +0,+1 long sword of holy wrath
Missiles
 c - 7 curare-tipped needles
 d - 11 darts (quivered)
Armour
 m - a +2 robe of cold resistance (worn)
 n - a +0 cloak (worn)
Magical devices
 B - a wand of digging (10)
 C - a wand of flame (1)
Comestibles
 p - 5 honeycombs
Scrolls
 k - a scroll of blinking
 v - a scroll of torment {unknown}
 w - a scroll of immolation {unknown}
Jewellery
 D - a ring of protection from cold (left hand)
 E - a ring of protection from fire (right hand)
Potions
 e - a potion of porridge
 f - 2 potions of curing
 g - 2 potions of heal wounds
 h - a potion of haste
 i - 2 potions of magic
 j - a potion of berserk rage
 o - a potion of strong poison {unknown}
 t - a potion of might
 u - a potion of brilliance {unknown}
 x - a potion of flight {unknown}
Books
 l - Sif Muna's Advanced Magic
   (Sif Muna gifted it to you in the Dungeon)

   Spells                             Type                      Level
   Force Lance                        Conjuration                  5
   Ignite Poison                      Fire/Transmutation           5
   Tukima's Dance                     Hexes                        5
   Dispel Undead                      Necromancy                   5
   Phase Shift                        Translocation                5
   Blade Hands                        Transmutation                5
 y - a book of Spatial Translocations

   Spells                             Type                      Level
   Apportation                        Translocation                1
   *Blink                             Translocation                2
   Shroud of Golubria                 Charms/Translocation         2
   Portal Projectile                  Translocation                3
   *Teleport Other                    Translocation                3
   Passage of Golubria                Translocation                4
 z - a book of Minor Magic

   Spells                             Type                      Level
   Magic Dart                         Conjuration                  1
   *Blink                             Translocation                2
   Call Imp                           Summoning                    2
   Repel Missiles                     Charms/Air                   2
   Slow                               Hexes                        2
   *Conjure Flame                     Conjuration/Fire             3
   *Mephitic Cloud                    Conjuration/Poison/Air       3


   Skills:
 - Level 1.1 Short Blades
 - Level 1.1 Throwing
 - Level 20.5 Dodging
 + Level 23.2 Stealth
 + Level 13.8 Spellcasting
 * Level 5.8 Conjurations
 - Level 12.2 Hexes
 * Level 7.9 Translocations


You had 8 spell levels left.
You knew the following spells:

 Your Spells              Type           Power        Failure   Level  Hunger
a - Corona                Hex            ######.      1%          1    None
b - Ensorcelled Hibernat  Hex/Ice        #####.       1%          2    None
c - Confuse               Hex            ######..     1%          3    None
d - Sure Blade            Hex/Chrm       #####.....   1%          2    None
e - Enslavement           Hex            ######..     1%          4    None
f - Invisibility          Hex            ######..     6%          6    #####..
g - Blink                 Tloc           N/A          1%          2    None
h - Conjure Flame         Conj/Fire      ####....     4%          3    None
i - Mephitic Cloud        Conj/Pois/Air  ###.....     10%         3    None
j - Teleport Other        Tloc           #####...     1%          3    None


Dungeon Overview and Level Annotations

Branches:
Dungeon (1/1)

Altars:
Cheibriados
Dithmenos
Elyvilon
Fedhas
Kikubaaqudgha
Makhleb
Nemelex Xobeh
Okawaru
Sif Muna
Trog
Vehumet
Xom
Yredelemnul
Zin
The Shining One
Beogh
Jiyva

Shops:
D =


Innate Abilities, Weirdness & Mutations

You are tiny and cannot use many weapons and most armour.
You have supernaturally acute eyesight.
You are a herbivore.
You cover ground extremely quickly.
You need consume almost no food.


Message History

Moving in this stuff is going to be slow.
You see here an electric eel corpse.
Casting: Confuse
Confirm with . or Enter, or press ? or * to list all spells.
Aiming: Confuse
Press: ? - help, Shift-Dir - straight line, f - five-headed hydra
Aim: a five-headed hydra (lightly wounded)
The five-headed hydra resists with significant effort.
The five-headed hydra completely misses you.
The five-headed hydra misses you. The five-headed hydra bites you!
The five-headed hydra closely misses you.
The five-headed hydra bites you!
* * * LOW HITPOINT WARNING * * *
Casting: Confuse
Confirm with . or Enter, or press ? or * to list all spells.
Aiming: Ensorcelled Hibernation
Press: ? - help, Shift-Dir - straight line, f/p - five-headed hydra
Aim: a five-headed hydra (lightly wounded)
The five-headed hydra easily resists.
The five-headed hydra bites you!
You die...

+♣♣'♣≈≈≈≈≈≈≈≈≈≈≈≈♣♣P.'....^..
#.≈♣♣♣♣♣♣♣♣♣♣♣♣♣♣♣♣PP#.^.....
#..♣♣♣♣♣♣♣♣♣♣♣♣♣♣♣♣♣♣##'#####
♣♣###'♣♣♣♣♣♣♣♣♣♣♣♣♣♣♣♣♣#...+.≈≈
♣♣♣♣♣.##..##≈≈≈≈≈≈..# #...#.≈≈
♣♣...##%##.#≈≈≈≈≈...# #)).#.#≈
♣♣♣.##.##%##'≈≈≈≈≈####+#####.#c
♣♣♣..#.##.§.#%≈.....§§§# P.#
♣♣♣.##.##.)#≈@D+#####


PP# ♣♣♣.##.#####...# oPP# ♣♣.....# ......# .oP# #########+###### ##### You could
see a five-headed hydra.

Vanquished Creatures
  Harold (D)
  Maud (D)
  A hydra (D)
  Erolcha (D)
  A death drake (D)
  Joseph (D)
  A lindwurm (D)
  An orc sorcerer (D)
  2 spiny frogs (D)
  3 wandering mushrooms (D)
  A queen bee (D)
  A deep elf priest (D)
  A komodo dragon (D)
  4 redbacks (D)
  2 trapdoor spiders (D)
  2 humans (D)
  A spatial vortex (D)
  2 hill giants (D)
  A necrophage (D)
  A demigod (D)
  5 orc warriors (D)
  2 brain worms (D)
  3 two-headed ogres (D)
  A water elemental (D)
  A scorpion (D)
  30 killer bees (D)
  An electric eel (D)
  2 orc priests (D)
  A jelly (D)
  A wizard (D)
  3 orc wizards (D)
  A necromancer (D)
  Jessica (D)
  A kobold demonologist (D)
  An elf (D)
  7 orcs (D)
  3 rats (D)
93 creatures vanquished.

Vanquished Creatures (collateral kills)
  A killer bee (D)
1 creature vanquished.

Vanquished Creatures (others)
  2 draconian scorchers (D)
  2 yaktaurs (D)
  A killer bee (D)
5 creatures vanquished.

Grand Total: 99 creatures vanquished

Notes
Turn   | Place    | Note
--------------------------------------------------------------
     0 | D        | BluebellGnoll, the Spriggan Enchanter, began the quest for the Orb.
     0 | D        | Reached XP level 1. HP: 9/9 MP: 4/4
     9 | D        | Reached skill level 4 in Stealth
    26 | D        | Noticed Jessica
    30 | D        | Killed Jessica
    30 | D        | Reached skill level 8 in Stealth
    30 | D        | Reached XP level 2. HP: 13/13 MP: 7/7
    34 | D        | Learned a level 2 spell: Ensorcelled Hibernation
   166 | D        | Noticed a scorpion
   169 | D        | Killed a scorpion
   169 | D        | Reached skill level 12 in Stealth
   169 | D        | Reached XP level 3. HP: 16/16 MP: 9/9
   179 | D        | Learned a level 3 spell: Confuse
   180 | D        | Reached XP level 4. HP: 21/21 MP: 9/12
   185 | D        | Learned a level 2 spell: Sure Blade
   209 | D        | Noticed a water elemental
   212 | D        | Killed a water elemental
   220 | D        | Learned a level 4 spell: Enslavement
   251 | D        | Found an iron altar of Okawaru.
   251 | D        | Found a bloodstained altar of Trog.
   251 | D        | Noticed a human
   251 | D        | Noticed a human
   254 | D        | Killed a human
   254 | D        | Reached XP level 5. HP: 24/24 MP: 16/22
   254 | D        | Reached XP level 6. HP: 28/28 MP: 17/24
   255 | D        | Killed a human
   255 | D        | Reached skill level 10 in Dodging
   266 | D        | Found a radiant altar of Vehumet.
   266 | D        | Found a deep blue altar of Sif Muna.
   266 | D        | Found an ancient bone altar of Kikubaaqudgha.
   266 | D        | Noticed a wizard
   268 | D        | Killed a wizard
   268 | D        | Reached skill level 13 in Stealth
   284 | D        | Learned a level 6 spell: Invisibility
   287 | D        | Learned a level 2 spell: Blink
   300 | D        | Found a glowing silver altar of Zin.
   300 | D        | Found a glowing golden altar of the Shining One.
   300 | D        | Found a white marble altar of Elyvilon.
   301 | D        | Noticed a deep elf priest
   303 | D        | Killed a deep elf priest
   303 | D        | Reached skill level 14 in Stealth
   303 | D        | Reached skill level 10 in Hexes
   303 | D        | Reached XP level 7. HP: 32/32 MP: 24/26
   327 | D        | Became a worshipper of Sif Muna the Loreminder
   332 | D        | Killed a white draconian scorcher
   340 | D        | Found a basalt altar of Yredelemnul.
   340 | D        | Found a snail-covered altar of Cheibriados.
   340 | D        | Found a blossoming altar of Fedhas.
   340 | D        | Noticed a necrophage
   340 | D        | Noticed a necromancer
   342 | D        | Killed a necromancer
   342 | D        | Reached skill level 15 in Stealth
   343 | D        | Killed a necrophage
   354 | D        | Learned a level 3 spell: Conjure Flame
   355 | D        | Noticed a jelly
   356 | D        | Noticed a demigod
   358 | D        | Killed a demigod
   362 | D        | Killed a jelly
   362 | D        | Acquired Sif Muna's first power
   362 | D        | Reached skill level 16 in Stealth
   366 | D        | Found a burning altar of Makhleb.
   366 | D        | Found a shimmering altar of Xom.
   366 | D        | Noticed a spatial vortex
   367 | D        | Found a viscous altar of Jiyva.
   367 | D        | Found a shadowy altar of Dithmenos.
   367 | D        | Found a sparkling altar of Nemelex Xobeh.
   370 | D        | Killed a spatial vortex
   370 | D        | Reached skill level 1 in Conjurations
   370 | D        | Reached XP level 8. HP: 36/36 MP: 24/28
   377 | D        | Learned a level 3 spell: Mephitic Cloud
   382 | D        | Noticed a two-headed ogre
   382 | D        | Noticed a two-headed ogre
   386 | D        | Killed a two-headed ogre
   388 | D        | Killed a two-headed ogre
   390 | D        | Noticed a two-headed ogre
   393 | D        | Killed a two-headed ogre
   393 | D        | Reached skill level 17 in Stealth
   398 | D        | Noticed a hill giant
   425 | D        | Killed a hill giant
   425 | D        | Reached skill level 10 in Spellcasting
   483 | D        | Noticed a hill giant
   483 | D        | Noticed Erolcha
   485 | D        | Killed a hill giant
   485 | D        | Acquired Sif Muna's second power
   501 | D        | Killed Erolcha
   501 | D        | Reached skill level 19 in Stealth
   501 | D        | Reached XP level 9. HP: 10/39 MP: 17/31
   535 | D        | Killed a white draconian scorcher
   604 | D        | Killed a yaktaur
   607 | D        | Killed a yaktaur
   730 | D        | Noticed an orc priest
   731 | D        | Noticed an orc wizard
   732 | D        | Noticed an orc priest
   732 | D        | Noticed an orc warrior
   732 | D        | Noticed an orc wizard
   732 | D        | Noticed an orc warrior
   732 | D        | Noticed an orc sorcerer
   732 | D        | Noticed an orc wizard
   732 | D        | Noticed an orc warrior
   732 | D        | Noticed an orc warrior
   732 | D        | Noticed an orc warrior
   733 | D        | Found Ghonesun's Jewellery Shop.
   733 | D        | Found a roughly hewn altar of Beogh.
   734 | D        | Killed an orc sorcerer
   735 | D        | Killed an orc wizard
   737 | D        | Killed an orc priest
   738 | D        | Killed an orc warrior
   742 | D        | Killed an orc wizard
   743 | D        | Killed an orc wizard
   743 | D        | Reached skill level 20 in Stealth
   746 | D        | Killed an orc priest
   748 | D        | Killed an orc warrior
   750 | D        | Killed an orc warrior
   751 | D        | Killed an orc warrior
   751 | D        | Acquired Sif Muna's third power
   754 | D        | Killed an orc warrior
   829 | D        | Bought an uncursed ring of protection from cold for 350 gold pieces
   829 | D        | Bought an uncursed ring of protection from fire for 350 gold pieces
   840 | D        | Learned a level 3 spell: Teleport Other
   965 | D        | Noticed a redback
   968 | D        | Killed a redback
   968 | D        | Reached skill level 1 in Translocations
   983 | D        | Noticed a wandering mushroom
   988 | D        | Noticed a wandering mushroom
   990 | D        | Noticed a wandering mushroom
  1061 | D        | Noticed a trapdoor spider
  1062 | D        | Killed a trapdoor spider
  1096 | D        | Noticed a killer bee
  1096 | D        | Noticed a killer bee
  1096 | D        | Noticed a killer bee
  1097 | D        | Noticed a killer bee
  1097 | D        | Noticed a killer bee
  1097 | D        | Noticed a killer bee
  1097 | D        | Noticed a killer bee
  1097 | D        | Noticed a killer bee
  1097 | D        | Noticed a killer bee
  1097 | D        | Noticed a killer bee
  1097 | D        | Noticed a killer bee
  1097 | D        | Noticed a killer bee
  1097 | D        | Noticed a killer bee
  1097 | D        | Noticed a killer bee
  1097 | D        | Noticed a killer bee
  1097 | D        | Noticed a killer bee
  1097 | D        | Noticed a killer bee
  1097 | D        | Noticed a killer bee
  1097 | D        | Noticed a killer bee
  1097 | D        | Noticed a killer bee
  1097 | D        | Noticed a killer bee
  1097 | D        | Noticed a killer bee
  1097 | D        | Noticed a killer bee
  1097 | D        | Noticed a killer bee
  1097 | D        | Noticed a killer bee
  1097 | D        | Noticed a killer bee
  1097 | D        | Noticed a killer bee
  1097 | D        | Noticed a killer bee
  1097 | D        | Noticed a killer bee
  1097 | D        | Noticed a killer bee
  1098 | D        | Killed a killer bee
  1099 | D        | Noticed a queen bee
  1099 | D        | Killed a killer bee
  1101 | D        | Noticed a killer bee
  1102 | D        | Noticed a killer bee
  1106 | D        | Killed a killer bee
  1106 | D        | Reached skill level 21 in Stealth
  1108 | D        | Killed a killer bee
  1112 | D        | Killed a killer bee
  1115 | D        | Killed a killer bee
  1118 | D        | Noticed a trapdoor spider
  1121 | D        | Killed a trapdoor spider
  1124 | D        | Killed a killer bee
  1127 | D        | Killed a killer bee
  1129 | D        | Killed a killer bee
  1132 | D        | Killed a killer bee
  1132 | D        | Reached XP level 10. HP: 14/44 MP: 9/33
  1135 | D        | Killed a killer bee
  1335 | D        | Killed a killer bee
  1340 | D        | Killed a killer bee
  1351 | D        | Killed a killer bee
  1352 | D        | Killed a killer bee
  1355 | D        | Killed a killer bee
  1355 | D        | Killed a killer bee
  1362 | D        | a killer bee (ally) was killed
  1365 | D        | Killed a killer bee
  1366 | D        | Killed a killer bee
  1374 | D        | Killed a killer bee
  1374 | D        | Killed a killer bee
  1380 | D        | Killed a killer bee
  1383 | D        | Killed a killer bee
  1389 | D        | Killed a killer bee
  1391 | D        | Killed a killer bee
  1445 | D        | Killed a queen bee
  1456 | D        | Killed a killer bee
  1458 | D        | Killed a killer bee
  1494 | D        | Killed a killer bee
  1514 | D        | Killed a killer bee
  1516 | D        | Killed a killer bee
  1518 | D        | Killed a killer bee
  1621 | D        | Noticed Joseph
  1622 | D        | Noticed Harold
  1627 | D        | Killed Harold
  1636 | D        | Killed Joseph
  1656 | D        | Noticed an orc high priest
  1656 | D        | Noticed an orc high priest
  1657 | D        | Noticed a yaktaur captain
  1657 | D        | Noticed a yaktaur captain
  1693 | D        | Killed a wandering mushroom
  1710 | D        | Killed a wandering mushroom
  1716 | D        | Killed a wandering mushroom
  1721 | D        | Noticed a spiny frog
  1721 | D        | Noticed a komodo dragon
  1721 | D        | Noticed a spiny frog
  1725 | D        | Killed a komodo dragon
  1725 | D        | Reached XP level 11. HP: 47/47 MP: 34/34
  1726 | D        | Killed a spiny frog
  1727 | D        | Killed a spiny frog
  1893 | D        | Noticed a redback
  1894 | D        | Noticed a brain worm
  1895 | D        | Killed a redback
  1899 | D        | Killed a brain worm
  1902 | D        | Noticed a brain worm
  1904 | D        | Killed a brain worm
  1907 | D        | Noticed a lindwurm
  1909 | D        | Noticed a redback
  1910 | D        | Killed a lindwurm
  1912 | D        | Killed a redback
  1912 | D        | Reached skill level 5 in Translocations
  1916 | D        | Noticed a redback
  1917 | D        | Killed a redback
  1918 | D        | Noticed Maud
  1925 | D        | Killed Maud
  1925 | D        | Reached skill level 22 in Stealth
  1925 | D        | Reached skill level 5 in Conjurations
  1932 | D        | Noticed a seven-headed hydra
  1932 | D        | Noticed a five-headed hydra
  1933 | D        | Noticed an electric eel
  1942 | D        | Noticed a death drake
  1948 | D        | Killed an electric eel
  1956 | D        | HP: 2/47 [seven-headed hydra (18)]
  1958 | D        | Killed a seven-headed hydra
  1958 | D        | Received a gift from Sif Muna
  1958 | D        | Reached skill level 23 in Stealth
  1966 | D        | Killed a death drake
  1970 | D        | Identified Sif Muna's Advanced Magic (Sif Muna gifted it to you in the Dungeon)
  1978 | D        | HP: 1/47 [five-headed hydra (18)]
  1979 | D        | Demolished by a five-headed hydra

Action                   |  1- 3 |  4- 6 |  7- 9 | 10-12 || total
-------------------------+-------+-------+-------+-------++-------
Melee: Dagger            |    12 |     6 |    74 |    97 ||   189
 Fire: Blowgun           |       |       |       |     3 ||     3
Throw: Dart              |       |       |       |     8 ||     8
 Cast: Ensorcelled Hiber |     1 |       |    15 |    19 ||    35
       Confuse           |       |       |    12 |     7 ||    19
       Blink             |       |       |     2 |       ||     2
       Sure Blade        |       |       |     2 |     2 ||     4
       Invisibility      |       |       |     2 |     2 ||     4
       Mephitic Cloud    |       |       |     1 |     3 ||     4
       Conjure Flame     |       |       |       |     2 ||     2
       Enslavement       |       |       |       |     1 ||     1
Invok: Channel Energy    |       |       |       |     3 ||     3
  Use: Scroll            |       |       |     4 |       ||     4
       Potion            |       |       |     1 |     1 ||     2
 Stab: Sleeping          |     4 |     6 |    38 |    25 ||    73
       Confused          |       |       |     4 |     6 ||    10
       Invisible         |       |       |     3 |    10 ||    13
